Construct Infanterie Kompanie
Selects Luftwaffe Battlegroup
Construct Panzergrenadier Kompanie
Pak 40 Anti-tank Gun Team
Selects Stuka Strafing Run
Panzergrenadier Officer Quarters
Pak 40 Anti-tank Gun Team
Selects Fallschirmjäger Squad Paradrop
Selects Luftwaffe Pioneer Support
Fallschirmjäger Squad Paradrop
Fallschirmpioneer Squad Paradrop
Selects Fragmentation Bombs
Fallschirmjäger Squad Paradrop
Construct Panzer Kompanie
Selects Flak 38 Anti-Air Emplacement